 Dungeon Crawl Stone Soup version 0.20.1-1-g8b1a95d (webtiles) character file.

4465 froobite the Protected (level 10, 0/86 HPs)
             Began as a Minotaur Berserker on July 31, 2017.
             Was a High Priest of Trog.
             Slain by a hound (1 damage)
             ... on level 8 of the Dungeon.
             The game lasted 00:39:08 (7312 turns).

froobite the Protected (Minotaur Berserker)         Turns: 7312, Time: 00:39:08

Health: 0/86       AC: 16    Str: 25    XL:     10   Next: 15%
Magic:  9/9        EV:  7    Int:  5    God:    Trog [*****.]
Gold:   381        SH: 11    Dex:  9    Spells: 9/9 levels left

rFire    + . .     SeeInvis .   B - +4 dagger
rCold    . . .     Gourm    .   k - +0 shield
rNeg     . . .     Faith    .   q - +0 plate armour
rPois    .         Spirit   .   (helmet restricted)
rElec    .         Reflect  .   (no cloak)
rCorr    .         Harm     .   (no gloves)
MR       .....                  M - +1 pair of boots
Stlth    ..........             (no amulet)
Regen    0.3/turn               s - ring of protection from fire
MPRegen  0.2/turn               (no ring)

@: lethally poisoned (0 -> -3), berserk cooldown, slowed, very slow
A: retaliatory headbutt, horns 2
a: Berserk, Trog's Hand, Brothers in Arms, Burn Spellbooks, Renounce Religion


You were on level 8 of the Dungeon.
You worshipped Trog.
Trog was extremely pleased with you.
You were hungry.

You visited 2 branches of the dungeon, and saw 9 of its levels.

You collected 381 gold pieces.

Inventory:

Hand Weapons
 a - a +1 hand axe
 t - a +1 vampiric short sword
 B - a +4 dagger (weapon)
 O - a +2 short sword of flaming
Armour
 b - a +0 animal skin
 k - a +0 shield (worn)
 l - a +0 chain mail
 m - a +0 scale mail
 q - a +0 plate armour (worn)
 w - a +0 leather armour
 y - a +0 pair of boots
 M - a +1 pair of boots (worn)
Magical Staves
 D - an uncursed staff of power
 J - an uncursed staff of energy {unknown}
 R - an uncursed staff of earth {unknown}
Jewellery
 s - a ring of protection from fire (left hand)
Wands
 p - a wand of polymorph (7/24)
 z - a wand of lightning (7/15)
 A - a wand of paralysis (10/24)
 C - a wand of iceblast (0/15)
 F - a wand of polymorph (2/24)
 I - a wand of lightning (5/15)
 K - a wand of polymorph (8/24)
Scrolls
 g - 4 scrolls of teleportation
 i - 2 scrolls of remove curse
 x - a scroll of immolation
 H - a scroll of recharging {unknown}
Potions
 d - 2 potions of haste
 e - 4 potions of brilliance
 f - a potion of flight
 j - a potion of ambrosia {unknown}
 n - 2 potions of lignification {unknown}
 r - 2 potions of degeneration {unknown}
 u - 2 potions of cancellation {unknown}
 N - a potion of mutation {unknown}
Books
 G - a book of Enchantments

   Spells                             Type                      Level
   a - Cause Fear                     Hexes                        4
   b - Yara's Violent Unravelling     Hexes/Transmutation          5
   c - Silence                        Hexes/Air                    5
   d - Deflect Missiles               Charms/Air                   6
   e - Discord                        Hexes                        8
   Trog disapproves of the use of such an item.
Miscellaneous
 P - a phial of floods
 Q - a lamp of fire
 S - a lightning rod (4/4)
Comestibles
 c - 4 bread rations
 h - 6 fruits
 o - 3 meat rations
 E - a royal jelly


   Skills:
 + Level 7.6 Fighting
 + Level 3.7 Short Blades
 + Level 9.1 Axes
 + Level 1.0 Throwing
 + Level 9.5 Armour
 + Level 4.2 Dodging
 + Level 1.1 Stealth
 + Level 8.3 Shields
 + Level 0.4 Unarmed Combat
 + Level 1.2 Evocations


You had 9 spell levels left.
You didn't know any spells.

Dungeon Overview and Level Annotations

Branches:
Dungeon (8/15)             Temple (1/1) D:4
   Lair: D:8-11

Altars:
Cheibriados
Dithmenos
Elyvilon
Gozag
Hepliaklqana
Kikubaaqudgha
Makhleb
Nemelex Xobeh
Okawaru
Qazlal
Sif Muna
Uskayaw
Vehumet
Xom
The Shining One


Innate Abilities, Weirdness & Mutations

You reflexively headbutt those who attack you in melee.
You have a pair of horns on your head.


Message History

You hit the hound.
The hound is heavily wounded.
The hound bites you but does no damage.
The orc wizard casts a spell.
The orc wizard blinks!
You block the hound's attack.
You hit the orc warrior but do no damage.
* * * LOW HITPOINT WARNING * * *
You feel sick. The hound bites you but does no damage.
The orc warrior closely misses you. The hound bites you but does no damage.
The orc wizard hits you but does no damage.
You are lethally poisoned!
You hit the orc warrior but do no damage.
Your headbutt misses the orc warrior.
* * * LOW HITPOINT WARNING * * *
You feel sick. You block the hound's attack.
You block the orc warrior's attack. You block the orc wizard's attack.
You puncture the hound!
The hound is almost dead.
The hound bites you.
You die...

#...##...#
.........#
#........##
#.........#
######...#
#...##...##
+......†.†#
#...oo....#
#..)h@....#
.....o...##..<##
.........######
.....:...$
....##....# ....
#oo..# ...
.5...# ..
......#


You could see an orc warrior, a hound and 2 orc wizards.

Vanquished Creatures
  A two-headed ogre (D:7)
  The ghost of froobite the Cudgeler, an amateur MiBe of Trog (D:4)
  A troll (D:7)
  2 hippogriffs
  2 yaks (D:7)
  Edmund (D:6)
  A porcupine (D:4)
  An ice beast (D:7)
  A phantom (D:4)
  A black bear (D:7)
  A necrophage (D:7)
  2 ogres (D:7)
  A centaur (D:7)
  A gnoll sergeant (D:7)
  A bullfrog (D:7)
  3 scorpions
  4 killer bees (D:8)
  A howler monkey (D:7)
  5 crimson imps
  A centaur zombie (D:7)
  2 bullfrog zombies
  4 orc priests
  5 hounds
  11 orc wizards
  A jelly (D:7)
  Crazy Yiuf (D:7)
  2 iguanas
  2 worker ants (D:4)
  Natasha (thrice) (D:3)
  A hound zombie (D:7)
  2 hound skeletons
  A worker ant zombie (D:5)
  6 gnolls
  12 adders
  3 shadow imps (D:7)
  2 oozes
  2 adder skeletons (D:4)
  2 worms
  7 dart slugs
  6 leopard geckos
  17 orcs
  5 ball pythons
  6 giant cockroaches
  6 goblins
  12 hobgoblins
  7 jackals
  2 quokkas
  8 bats
  5 frilled lizards
  A jackal zombie (D:7)
  6 kobolds
  A leopard gecko skeleton (D:5)
  A quokka skeleton (D:4)
  A quokka zombie (D:7)
  6 rats
191 creatures vanquished.

Notes
Turn   | Place    | Note
-------+----------+-------------------------------------------
     0 | D:1      | froobite the Minotaur Berserker began the quest for the Orb.
     0 | D:1      | Reached XP level 1. HP: 19/19 MP: 0/0
   166 | D:1      | Reached XP level 2. HP: 16/27 MP: 1/1
   824 | D:1      | Reached XP level 3. HP: 33/33 MP: 2/2
  1161 | D:2      | Reached ** piety under Trog
  1523 | D:2      | Found a faded altar of an unknown god.
  1716 | D:3      | Noticed Natasha
  1723 | D:3      | Reached XP level 4. HP: 41/41 MP: 3/3
  1725 | D:3      | Killed Natasha
  1725 | D:3      | Reached skill level 1 in Shields
  1918 | D:3      | Found a stormy altar of Qazlal.
  1954 | D:3      | Noticed Natasha
  1961 | D:3      | Killed Natasha
  1961 | D:3      | Reached XP level 5. HP: 40/47 MP: 4/4
  1983 | D:3      | Noticed Natasha
  1999 | D:3      | Killed Natasha
  1999 | D:3      | Reached skill level 5 in Axes
  2032 | D:3      | Found a sparkling altar of Nemelex Xobeh.
  2255 | D:3      | Reached skill level 5 in Fighting
  2265 | D:3      | Found an iron altar of Okawaru.
  2277 | D:3      | Reached XP level 6. HP: 52/56 MP: 5/5
  2508 | D:3      | Reached *** piety under Trog
  2689 | D:4      | Found an ancient bone altar of Kikubaaqudgha.
  2794 | D:4      | Found a staircase to the Ecumenical Temple.
  2904 | D:4      | Noticed froobite's ghost (amateur MiBe)
  2920 | D:4      | Reached XP level 7. HP: 18/62 MP: 6/6
  2927 | D:4      | Killed froobite's ghost
  3096 | D:4      | Found a snail-covered altar of Cheibriados.
  3354 | Temple   | Entered the Ecumenical Temple
  3961 | D:4      | Reached skill level 5 in Armour
  3998 | D:5      | Entered Level 5 of the Dungeon
  4179 | D:5      | Reached XP level 8. HP: 70/70 MP: 7/7
  5374 | D:6      | Noticed a hippogriff
  5384 | D:6      | Killed a hippogriff
  5384 | D:6      | Reached skill level 5 in Shields
  5528 | D:6      | Noticed Edmund
  5539 | D:6      | Killed Edmund
  5599 | D:7      | Reached **** piety under Trog
  5814 | D:7      | Got a steaming robe
  5815 | D:7      | Identified the cursed +1 robe of the Blizzard {rN+ rCorr} (You found it on level 7 of the Dungeon)
  5975 | D:7      | Reached XP level 9. HP: 76/79 MP: 8/8
  6134 | D:7      | Reached skill level 1 in Short Blades
  6223 | D:7      | Found a hazy altar of Hepliaklqana.
  6581 | D:7      | Found a runed door.
  6585 | D:7      | Noticed Crazy Yiuf
  6589 | D:7      | Killed Crazy Yiuf
  6756 | D:7      | Found a radiant altar of Vehumet.
  6886 | D:7      | Noticed a troll
  6893 | D:7      | Killed a troll
  6933 | D:7      | Noticed a two-headed ogre
  6958 | D:7      | Killed a two-headed ogre
  6958 | D:7      | Reached skill level 1 in Evocations
  7037 | D:7      | Reached XP level 10. HP: 72/86 MP: 9/9
  7072 | D:7      | Reached skill level 1 in Stealth
  7075 | D:7      | Reached skill level 1 in Throwing
  7278 | D:8      | Reached ***** piety under Trog
  7297 | D:8      | HP: 4/86 [orc priest/divine providence (9)]
  7302 | D:8      | HP: 2/86 [poisoned by an orc wizard]
  7310 | D:8      | HP: 2/86 [poisoned by an orc wizard]
  7312 | D:8      | Slain by a hound

Skill      XL: |  1  2  3  4  5  6  7  8  9 10 |
---------------+-------------------------------+-----
Fighting       | 4 5 6 7 |  7.6
Axes           | 4 5 6 7 9 |  9.1
Shields        | 1 2 3 5 8 |  8.3
Dodging        | 3 4 |  4.2
Armour         | 3 5 6 9 |  9.5
Short Blades   | 3 |  3.7
Evocations     | 1 |  1.2
Stealth        | 1 |  1.1
Throwing       | 1 |  1.0
Unarmed Combat | |  0.4

Action                   |  1- 3 |  4- 6 |  7- 9 | 10-12 || total
-------------------------+-------+-------+-------+-------++-------
Melee: Hand axe          |    95 |   168 |   205 |       ||   468
       Headbutt          |     9 |    24 |    77 |     5 ||   115
       Unarmed           |       |     9 |       |       ||     9
       Dagger            |       |       |   157 |    41 ||   198
Throw: Tomahawk          |       |       |     4 |       ||     4
Invok: Berserk           |     1 |     1 |     7 |     2 ||    11
       Trog's Hand       |       |       |     2 |       ||     2
Evoke: Wand              |       |       |     9 |       ||     9
  Use: Scroll            |     5 |     5 |     9 |     1 ||    20
       Potion            |       |     1 |       |     1 ||     2
 Stab: Paralysed         |       |       |     2 |       ||     2
  Eat: Chunk             |     1 |     1 |     7 |     2 ||    11
       Bread ration      |     1 |     1 |     1 |       ||     3
       Fruit             |     1 |       |       |       ||     1
       Meat ration       |       |       |     1 |       ||     1
Armor: Animal skin       |    18 |       |       |       ||    18
       Scale mail        |     5 |     1 |       |       ||     6
       Chain mail        |       |    14 |       |       ||    14
       Plate armour      |       |    63 |   168 |    27 ||   258
Dodge: Dodged            |    54 |    47 |    84 |    14 ||   199
Block: Shield            |    33 |    62 |   179 |    39 ||   313
